Map: Pride of Altaris LE

Players

Scarlett

  • Race: Zerg Zerg

Reynor - Winner!

  • Race: Zerg Zerg

Event: TSL 8

VOD

Have the link to the VOD?

Description

Time

  • Played on: Dec. 5, 2021, 9:49 a.m.
  • Length: 7:15

All games in this series

Show
View Real Time Build Order
Export as new Build Order

Scarlett Zerg 

Build Orders: Hatch First 

Get SALT Encoding   

  12  0:00  Drone  
  13  0:12  Overlord  
  13  0:16  Drone  
  14  0:30  Drone x2  
  16  0:46  Hatchery  
  15  0:50  Drone  
  15  0:54  Drone  
  17  1:01  Drone  
  18  1:09  Extractor  
  17  1:12  Spawning Pool  
  17  1:15  Drone  
  17  1:19  Drone  
  18  1:28  Drone  
  19  1:38  Drone  
  20  1:49  Drone  
  21  1:58  Queen  
  21  1:59  Zergling x2, Queen  
  21  2:00  Overlord  
  26  2:08  Metabolic Boost  
  26  2:09  Drone  
  27  2:19  Drone  
  27  2:20  Drone  
  29  2:29  Drone  
  30  2:30  Drone  
  31  2:41  Drone x2  
  31  2:43  Hatchery  
  32  2:50  Baneling Nest  
  31  2:53  Overlord  
  31  2:56  Drone  
  31  2:57  Zergling x2  
  33  3:06  Zergling x2  
  33  3:07  Zergling x4  
  33  3:11  Zergling x8  
  40  3:18  Overlord  
  40  3:28  Overlord  
  41  3:38  Hatchery  
  41  3:40  Drone x8  
  47  3:42  Baneling  
  47  3:43  Baneling  
  47  3:53  Roach Warren  
  43  4:04  Zergling x12  
  43  4:07  Baneling x2  
  40  4:17  Zergling x12  
  46  4:25  Queen  
  46  4:27  Baneling x2  
  47  4:34  Roach  
  47  4:36  Roach x2  
  46  4:40  Roach  
  44  4:46  Roach  
  39  4:53  Roach x2  
  39  4:57  Baneling  
  42  5:05  Roach  
  42  5:06  Zergling x6  
  43  5:24  Zergling x8  
  43  5:26  Ravager  
  47  5:31  Zergling x6  
  47  5:35  Baneling x2  
  45  5:37  Zergling x2  
  45  5:42  Baneling  
  46  5:43  Zergling x2  
  46  5:44  Baneling  
  43  5:57  Zergling x10  
  47  6:04  Zergling x4  
  47  6:08  Zergling x2  
  47  6:10  Zergling x2  
  46  6:15  Zergling x2  
  45  6:21  Zergling x4  
  42  6:27  Zergling x6  
  42  6:34  Zergling x4  
  42  6:37  Zergling x2  
  38  6:45  Zergling x6  
  40  6:50  Zergling x4  
  40  6:53  Zergling x2  
Show
View Real Time Build Order
Export as new Build Order

Reynor Zerg - Winner!

Build Orders: Hatch First, Zergling Baneling 

Get SALT Encoding   

  12  0:00  Drone  
  13  0:12  Overlord  
  13  0:17  Drone  
  14  0:30  Drone x2  
  16  0:41  Drone  
  17  0:52  Hatchery  
  17  0:55  Drone  
  17  0:59  Drone  
  18  1:09  Extractor  
  17  1:13  Spawning Pool  
  17  1:16  Drone  
  17  1:19  Drone  
  18  1:27  Drone  
  19  1:38  Drone  
  20  1:50  Overlord  
  20  2:00  Queen  
  22  2:04  Queen  
  24  2:10  Metabolic Boost  
  24  2:13  Drone  
  25  2:15  Zergling x2  
  25  2:18  Zergling x2  
  27  2:24  Zergling x4  
  27  2:25  Drone  
  30  2:32  Drone  
  30  2:34  Baneling Nest  
  30  2:39  Drone  
  31  2:48  Drone  
  32  2:54  Hatchery  
  32  2:55  Overlord  
  31  2:59  Zergling x2  
  31  3:00  Zergling x2  
  31  3:05  Zergling x2  
  34  3:14  Zergling x10  
  39  3:21  Overlord  
  39  3:22  Drone x2  
  39  3:25  Zergling x2  
  40  3:34  Zergling x4  
  40  3:40  Baneling x3  
  40  3:46  Zergling x6  
  40  3:48  Overlord  
  43  3:51  Baneling x2, Zergling x8  
  43  3:56  Queen  
  43  4:03  Zergling x4  
  44  4:11  Zergling x2  
  44  4:14  Zergling x2  
  43  4:18  Baneling x5  
  43  4:19  Zergling x4  
  45  4:25  Zergling x4  
  45  4:27  Baneling x2  
  45  4:30  Roach Warren  
  39  4:33  Zergling x4  
  39  4:39  Zergling x2  
  37  4:46  Zergling x2  
  37  4:52  Zergling x2, Queen  
  37  4:53  Zergling x8  
  43  5:02  Baneling x2  
  43  5:04  Zergling x6  
  44  5:08  Zergling x4  
  46  5:14  Roach  
  46  5:20  Roach x2  
  47  5:28  Roach  
  47  5:30  Zergling x6  
  47  5:35  Drone  
  50  5:38  Roach  
  50  5:42  Roach  
  53  5:48  Zergling x6  
  55  5:56  Zergling x2, Roach  
  54  6:06  Zergling x6, Roach  
  54  6:10  Roach  
  51  6:15  Zergling x4  
  51  6:18  Zergling x2  
  53  6:25  Zergling x4, Roach  
  52  6:30  Roach  
  49  6:33  Zergling x4  
  49  6:36  Zergling x2  
  49  6:39  Zergling x2  
  45  6:44  Zergling x4  
  46  6:47  Zergling x2  
  46  6:48  Zergling x2  
  46  6:53  Zergling x4  
Tags
 
Add a new tag
Caveats
  • Supply blocks, unpowered buildings, or Contaminate may cause inaccurate times.
  • Supply counts are checked every 10 seconds.